 Dungeon Crawl Stone Soup version 0.14.0-17-gc0b17a5 (webtiles) character file.

295 staplegun the Shield-Bearer (level 5, 0/34 HPs)
             Began as a Gargoyle Fighter on Apr 18, 2014.
             Slain by Sigmund
             ... wielding a +0,+1 scythe
              (4 damage)
             ... on Level 3 of the Dungeon.
             The game lasted 00:02:04 (1778 turns).

staplegun the Shield-Bearer (Gargoyle Fighter)      Turns: 1778, Time: 00:02:04

HP   0/34        AC 11     Str 25      XL: 5   Next: 69%
MP   5/5         EV  7     Int  9      God:
Gold 105         SH 20     Dex  9      Spells:  0 memorised,  4 levels left

rFire  . . .     SeeInvis .     a - +0 flail
rCold  . . .     Clarity  .     b - +0 scale mail
rNeg   + . .     Conserve .     c - +0 shield
rPois  +         rCorr    .     (no helmet)
rElec  +         rRot     +     (no cloak)
SustAb . .       Spirit   .     (no gloves)
rMut   .         Warding  .     (no boots)
Saprov . . .     Stasis   .     (no amulet)
MR     .....                    (no ring)
                                (no ring)

@: mighty, not resistant to hostile enchantments, extremely unstealthy
A: life protection 1, electricity resistance, unbreathing, petrification
resistance, AC +4
a: no special abilities


You were on level 3 of the Dungeon.
You were very hungry.

You visited 1 branch of the dungeon, and saw 3 of its levels.

You collected 105 gold pieces.

Inventory:

Hand weapons
 a - a +0,+0 flail (weapon)
Armour
 b - a +0 scale mail (worn)
 c - a +0 shield (worn)
Comestibles
 d - a bread ration
 l - 2 pears
Scrolls
 f - a scroll of enchant weapon II {unknown}
 g - 2 scrolls of remove curse {unknown}
 i - 3 scrolls of magic mapping {unknown}
 j - 3 scrolls of teleportation {unknown}
 k - a scroll of random uselessness {unknown}
 m - a scroll of enchant armour {unknown}
 n - a scroll of identify {unknown}
Potions
 h - a potion of resistance {unknown}
 o - a potion of heal wounds {unknown}


   Skills:
 + Level 4.3 Fighting
 + Level 3.7 Maces & Flails
 + Level 4.2 Armour
 + Level 4.4 Shields


You had 4 spell levels left.
You didn't know any spells.

Dungeon Overview and Level Annotations

Branches:
Dungeon (3/15)

Altars:
Cheibriados
Xom
Yredelemnul

Annotations:
D:3 Sigmund


Innate Abilities, Weirdness & Mutations

You are resistant to torment.
You are immune to poison.
You are immune to rotting.
Your stone body is very resilient (AC +4).
You resist negative energy.
You are resistant to electric shocks.
You can survive without breathing.
You are immune to petrification.


Message History

You barely miss something. Something hits you but does no damage.
You hit something. Something hits you but does no damage.
You hit something but do no damage. You closely miss something.
You hear some strange, mumbled words.
The magic dart hits you! Something hits you!
* * * LOW HITPOINT WARNING * * *
Drink which item? (? for menu, Esc to quit)
You feel very mighty all of a sudden.
You closely miss something.
You hear some strange, mumbled words.
The puff of flame misses you. Something hits you.
* * * LOW HITPOINT WARNING * * *
You sock something! You miss something. You block its attack.
You hit something.
You hear some strange, mumbled words.
Something tries to affect you, but you resist.
You barely miss something. Something hits you.
You die...

#.# #.##.#.#######
#.# #.##.#......).
#.###.##.#########
#.....##.#
#.######.#########
#.# #.......... #.#
########### #.#
#...# #@# #._.. #.#
#.... #.# ###....
#.# #...... #.#
#.##... ### #.##...
##### #.##... #.#.##
#.#####
#..^.#########.#####


There were no monsters in sight!

Vanquished Creatures
  The ghost of staplegun the Covered, an average DDAK of Lugonu (D:3)
  3 adders (D:3)
  5 giant geckos
  2 oozes (D:1)
  3 orcs (D:3)
  3 bats (D:1)
  4 giant cockroaches (D:3)
  8 goblins
  4 hobgoblins
  15 jackals
  2 quokkas (D:3)
  3 giant newts (D:1)
  5 kobolds
  3 rats
  A spectral orc (D:3)
62 creatures vanquished.

Notes
Turn   | Place    | Note
--------------------------------------------------------------
     0 | D:1      | staplegun, the Gargoyle Fighter, began the quest for the Orb.
     0 | D:1      | Reached XP level 1. HP: 14/14 MP: 1/1
    42 | D:1      | Reached XP level 2. HP: 8/19 MP: 2/2
   612 | D:1      | Reached XP level 3. HP: 21/23 MP: 3/3
   903 | D:2      | Found a shimmering altar of Xom.
   904 | D:2      | You fall through a shaft!
  1013 | D:3      | Reached skill level 4 in Shields
  1013 | D:3      | Reached XP level 4. HP: 12/29 MP: 4/4
  1416 | D:3      | Found a basalt altar of Yredelemnul.
  1445 | D:3      | Found a snail-covered altar of Cheibriados.
  1470 | D:3      | Noticed staplegun's ghost (average DDAK)
  1482 | D:3      | Killed staplegun's ghost
  1482 | D:3      | Reached XP level 5. HP: 19/33 MP: 5/5
  1758 | D:3      | Noticed Sigmund
  1778 | D:3      | Slain by Sigmund

Action                   |  1- 3 |  4- 6 || total
-------------------------+-------+-------++-------
Melee: Flail             |   138 |   126 ||   264
  Use: Potion            |       |     1 ||     1
